 Dungeon Crawl Stone Soup version 0.23.1 (webtiles) character file.

Game seed: 1346739944798824641

7 AxelLord the Chiller (level 2, -2/13 HPs)
             Began as a Vine Stalker Ice Elementalist on Mar 8, 2019.
             Was an Initiate of Vehumet.
             Slain by Sigmund
             ... wielding a +2 scythe of slicing
              (3 damage)
             ... on level 3 of the Dungeon.
             The game lasted 00:07:20 (234 turns).

AxelLord the Chiller (Vine Stalker Ice Elementalist) Turns: 234, Time: 00:07:21

Health: -2/13      AC:  2    Str: 10    XL:     2   Next: 4%
Magic:  0/6        EV: 12    Int: 15    God:    Vehumet [......]
Gold:   0          SH:  0    Dex: 14    Spells: 4/5 levels left

rFire    . . .     SeeInvis .   e - +0 club
rCold    . . .     Gourm    .   (no shield)
rNeg     . . .     Faith    .   a - +0 robe
rPois    .         Spirit   +   (no helmet)
rElec    .         Reflect  .   (no cloak)
rCorr    .         Harm     .   (no gloves)
MR       .....                  (no boots)
Stlth    ++........             (no amulet)
HPRegen  0.04/turn              (no ring)
MPRegen  0.10/turn              (no ring)

@: no status effects
A: fangs 2, magic shield, antimagic bite, no potion heal 3, rot immunity
a: Renounce Religion


You were on level 3 of the Dungeon.
You worshipped Vehumet.
Vehumet was noncommittal.
You were full.

You visited 1 branch of the dungeon, and saw 3 of its levels.

Inventory:

Hand Weapons
 c - a +0 dagger
 e - a +0 club (weapon)
Missiles
 d - 16 bolts
Armour
 a - a +0 robe (worn)


   Skills:
 + Level 1.6 Dodging
 + Level 2.4 Stealth
 + Level 2.3 Spellcasting
   Level 1.0 Conjurations
 + Level 3.3 Ice Magic


You had 4 spell levels left.
You knew the following spells:

 Your Spells              Type           Power        Failure   Level  Hunger
a - Freeze                Ice            ##..         5%          1    #......

Your spell library contained the following spells:

 Spells                   Type           Power        Failure   Level  Hunger
 Throw Frost              Conj/Ice       #.....       13%         2    ###....
 Ozocubu's Armour         Chrm/Ice       #.......     32%         3    ###....
 Throw Icicle             Conj/Ice       #.......     65%         4    #####..
 Summon Ice Beast         Ice/Summ       #.......     71%         4    #####..


Dungeon Overview and Level Annotations

Branches:
Dungeon (3/15)

Altars:
Gozag
Vehumet

Annotations:
D:3 Sigmund


Innate Abilities, Weirdness & Mutations

You have extremely sharp teeth.
When hurt, damage is shared between your health and your magic reserves.
Your bite disrupts and absorbs the magic of your enemies.
Potions cannot restore your health.
You are immune to rotting.


Message History

Sigmund drinks a potion.
Sigmund seems to speed up.
You see here 9 gold pieces.
You hit the goblin. Your bite misses the goblin.
The goblin is heavily wounded.
The goblin closely misses you.
You closely miss the goblin.
The goblin is heavily wounded.
Sigmund gestures at you while chanting. You resist with significant effort.
The goblin hits you with a +0 club.
Sigmund hits you from afar with a +2 scythe of slicing!
Ouch! That really hurt!
* * * LOW HITPOINT WARNING * * *
x2 The goblin barely misses you.
Casting: Freeze (safe; 5% risk of failure)
Confirm with . or Enter, or press ? or * to list all spells.
You don't have enough magic to cast that spell.
You barely miss the goblin.
The goblin is heavily wounded.
Sigmund hits you from afar with a +2 scythe of slicing.
You die...

*,* #.* *,**,,,**,**,* *,*
#.# *,**,,,**,**,* *,* #.#
*,,,,,,,,,**,* *,* #.#
*,,,<,,,,,**,* *,**###.#
**,,,,,,,,,**,, *,,*#...#
*,,,*.,,,,,,,,, **,*#.#.##
*,,...,,**,****
*,*#....####..#..,,,,,,,**
*,*#..$.g@.@l....,,,,,*,**
*,*##...####.[#..******,**
*,* #.$.>........,,,,,,*,,
****,*
#....###..#*#******,**
*,,,,* #.$..##*,.# *,**
*,,,,**#.....#*,.# *,*,
****,,,,,*#.$.#.##..# *,*,
*,,,<,,,,,##.##..#..####
*,#.
*,,,,,,,,,#.$.##.......#
*,#.


You could see Sigmund, a leopard gecko and a goblin.

Vanquished Creatures
  2 giant cockroaches
  2 goblins
  3 bats
7 creatures vanquished.

Notes
Turn   | Place    | Note
-------+----------+-------------------------------------------
     0 | D:1      | AxelLord the Vine Stalker Ice Elementalist began the quest
                  | for the Orb.
     0 | D:1      | Reached XP level 1. HP: 9/9 MP: 4/4
   166 | D:3      | Reached XP level 2. HP: 10/13 MP: 6/6
   200 | D:3      | Found a radiant altar of Vehumet.
   207 | D:3      | Became a worshipper of Vehumet
   225 | D:3      | Found an opulent altar of Gozag.
   230 | D:3      | Noticed Sigmund
   234 | D:3      | Slain by Sigmund

Action                   || total
-------------------------++-------
Melee: Dagger            ||     4
       Unarmed           ||     3
       Bite              ||     2
       Club              ||     3
 Cast: Freeze            ||     7
  Use: Scroll            ||     4
  Eat: Ration            ||     1
Armor: Robe              ||     9
Dodge: Dodged            ||    14
